Widd, chaotic male elven Wizard ------------------- --------------------W- ....|...........|.|...|...|.|....|....|))..|........ |----.---.-----.---.|.|.|.|.|I|.|....|....|*.(.|........ |.....|...|...|...|...|.|...|.|.|....|....|..%%|--...-|- |.-----.--|.|.---.|.---.|---|.|.|....|....|%.R.|..@..... |...|.....|[|.....|.|...|...|.|.|.........|.cTV|@e...... i |.|.|.-----.|.------..---.|.|.|.--.-```-|----)--@...---- |.|.|...|...|.|.......|...|.|.........@RRR.@.E..Ve..|... |.|.---.|.|.|--.-------.--|.---.E......@g.ee.ER.V...|.._ W |.|.....|.|.|...|...|...|.|...|.--|----````-.---e@..|... |--------.|.|.--|.|.|.--|.|.--|.|....|.W..|.O..|....---+ mm |.........|.|...|.|.|...|.|...|.|.........|.@..|............ mWm |.|.-----<|----.|.|.---.|.---)|.|---...---------.....-----.. mmmmm |.|.|...|.|.....|.|...|.....|.|%|.....H..................|.. mm |.|--.|.|--.---------.|.----|.|`|-----.-.-|-```--|---|...|.. |.|...|.|...|.../...|...|..`|..)|....|.^../...`..[..||...-.. |.|.--|.|.-------.|.-----.|.|.|..%`........`........|....|.. & |.....|...........|.......|...|.|..........`.|......|.|..|.. ------------------------------------------------------------ Widd the Necromancer Experience level: 22 Strength: 18 Dexterity: 15 Constitution: 15 Intelligence: 20 Wisdom: 19 Charisma: 11 Health: 0(165) Energy: 288(304) Def: 27 Gold: 3528 Moves: 76282 Dungeon seed: Efu_-_hzETx3-8Vr Game ID: Widd_1675355579 Your Inventory: Amulets g - the blessed Eye of the Aethiopica Weapons d - the uncursed fireproof +7 Magicbane (weapon in hands) Armor n - a blessed greased +2 silver dragon scale mail (being worn) x - an uncursed +0 pair of leather gloves of clairvoyance (being worn) D - a blessed +1 T-shirt (being worn) H - an uncursed fireproof +2 elven leather helm of fire immunity (being worn) K - an uncursed fireproof +0 pair of low boots of drain resistance (being worn) N - an uncursed fireproof +0 cloak of magic resistance (being worn) Comestibles h - an uncursed food ration l - an uncursed lizard corpse Scrolls q - an uncursed scroll of teleportation Rings i - an uncursed +1 ring of searching (on right hand) j - an uncursed ring of slow digestion o - an uncursed +4 ring of increase accuracy F - an uncursed ring of see invisible M - a blessed corrodeproof ring of free action O - an uncursed +1 ring of carrying P - a blessed ring of slow digestion (on left hand) Q - an uncursed ring of shock immunity Wands c - an uncursed wand of speed monster (0:1) m - an uncursed wand of summoning (0:8) t - an uncursed wand of polymorph (0:2) y - an uncursed wand of magic missile (0:6) A - an uncursed wand of cold (0:4) E - an uncursed wand of teleportation (0:2) J - an uncursed wand of fire (0:6) L - an uncursed wand of striking (0:2) R - an uncursed wand of death (0:5) S - an uncursed wand of digging (0:0) U - an uncursed wand of sleep (0:6) W - an uncursed wand of striking (0:2) X - an uncursed wand of make invisible (0:7) Y - an uncursed wand of fire (0:4) Tools a - an uncursed tin whistle b - a blessed bag of holding f - an uncursed tooled horn k - an uncursed skeleton key p - the uncursed Candelabrum of Invocation (no candles attached) (0:0) s - an uncursed stethoscope u - an uncursed +0 unicorn horn w - a blessed magic whistle I - an uncursed mirror T - an uncursed towel V - the uncursed Bell of Opening (0:2) Gems e - an uncursed luckstone Coins $ - 3528 gold pieces Contents of the bag of holding: a blessed amulet of reflection an uncursed amulet of strangulation a blessed fireproof -3 cloak of displacement an uncursed +0 helmet of fire immunity an uncursed -2 pair of jumping boots an uncursed +0 pair of levitation boots a blessed +0 pair of water walking boots an uncursed +0 pair of water walking boots 47 uncursed C-rations an uncursed cream pie 2 uncursed fortune cookies an uncursed lembas wafer 6 uncursed lizard corpses 2 uncursed lizard corpses 4 uncursed tripe rations a blessed scroll of fire an uncursed scroll of genocide an uncursed scroll of scare monster a cursed scroll of taming 3 blessed scrolls of teleportation 3 cursed scrolls of teleportation an uncursed spellbook of invisibility an uncursed spellbook of light a cursed potion of blindness a cursed potion of booze a cursed potion of confusion a blessed potion of extra healing 2 uncursed potions of extra healing a cursed potion of extra healing a cursed potion of fruit juice an uncursed potion of full healing an uncursed potion of healing 2 potions of holy water a cursed potion of invisibility an uncursed potion of monster detection a cursed potion of paralysis an uncursed ring of cold immunity an uncursed ring of conflict an uncursed ring of fire immunity an uncursed ring of free action an uncursed ring of free action an uncursed ring of free action an uncursed +3 ring of gain strength a cursed -3 ring of gain strength a blessed +0 ring of increase accuracy an uncursed +3 ring of increase damage an uncursed rustproof ring of invisibility a cursed ring of invisibility an uncursed ring of polymorph control a blessed +5 ring of protection a cursed +0 ring of protection an uncursed ring of see invisible an uncursed ring of see invisible an uncursed ring of teleport control an uncursed wand of death (0:6) a blessed wand of death (0:0) an uncursed wand of digging (0:7) an uncursed wand of digging (0:6) an uncursed wand of digging (0:5) a blessed wand of digging (0:4) an uncursed wand of digging (0:4) an uncursed wand of digging (0:3) an uncursed wand of fire (0:5) an uncursed wand of fire (0:4) an uncursed wand of fire (0:4) an uncursed wand of light (0:15) an uncursed wand of light (0:12) an uncursed wand of lightning (0:8) an uncursed wand of lightning (0:7) an uncursed wand of lightning (0:5) an uncursed wand of lightning (0:4) an uncursed wand of locking (0:7) a blessed wand of magic missile (0:6) an uncursed wand of magic missile (0:5) an uncursed wand of magic missile (0:2) an uncursed wand of polymorph (0:7) an uncursed wand of sleep (0:8) an uncursed wand of sleep (0:5) a cursed wand of sleep (0:3) an uncursed wand of sleep (0:2) an uncursed wand of sleep (0:1) an uncursed wand of slow monster (0:3) an uncursed wand of speed monster (0:8) an uncursed wand of speed monster (0:3) an uncursed wand of speed monster (0:3) an uncursed wand of speed monster (0:1) an uncursed wand of speed monster (0:1) an uncursed wand of speed monster (0:1) an uncursed wand of striking (0:5) an uncursed wand of striking (0:2) an uncursed wand of teleportation (0:7) an uncursed wand of teleportation (0:5) an uncursed wand of teleportation (0:5) an uncursed wand of teleportation (0:4) an uncursed wand of undead turning (0:7) an uncursed credit card an uncursed magic marker (0:80) an uncursed magic whistle an uncursed stethoscope an uncursed +0 unicorn horn an uncursed +0 unicorn horn 3 uncursed agate stones 8 uncursed amethyst stones 3 uncursed aquamarine stones 3 uncursed diamonds 5 uncursed dilithium crystals 4 uncursed emeralds 3 uncursed fluorite stones 7 uncursed garnet stones 2 uncursed jacinth stones 3 uncursed jade stones 2 uncursed jasper stones an uncursed jet stone 3 uncursed luckstones an uncursed obsidian stone 4 uncursed opals 5 uncursed rubies an uncursed sapphire an uncursed topaz stone an uncursed touchstone 3 uncursed turquoise stones 11759 gold pieces Spells and supernatural/magical abilities: Spells marked with '*' are forgotten. Name Level Category Cost Memory a - force bolt 1 attack 5pw 74% c - cause fear 3 enchantment 18pw 27% d - dig 2 matter 12pw 8% e - charm monster 3 enchantment 18pw 78% f - fireball 4 attack 20pw 8% h - healing 1 healing 6pw 74% i - invisibility 4 escape 50pw 28% j - jumping 1* escape 12pw 0% k - knock 1* matter 6pw 0% l - light 1 divination 5pw 92% m - magic missile 2 attack 10pw 74% n - detect monsters 1* divination 5pw 0% o - cone of cold 4 attack 20pw 3% p - protection 1 clerical 8pw 87% r - remove curse 3 clerical 25pw 78% s - slow monster 2 enchantment 12pw 55% u - confuse monster 2 enchantment 12pw 92% w - wizard lock 2* matter 12pw 0% x - extra healing 3 healing 18pw 18% z - sleep 1* enchantment 6pw 0% A - create familiar 3 clerical 25pw 68% B - cure blindness 2 healing 12pw 44% C - cancellation 5 matter 31pw 67% F - finger of death 7 attack 41pw 36% H - speed monster 3* escape 37pw 0% I - identify 2 divination 10pw 65% K - cure sickness 3* healing 18pw 0% L - levitation 4 escape 50pw 77% M - magic mapping 5 divination 25pw 84% N - summon nasty 7 clerical 58pw 29% O - summoning 2 clerical 16pw 26% R - restore ability 4 healing 25pw 92% S - stone to flesh 3 healing 18pw 62% T - turn undead 6 clerical 50pw 55% U - detect unseen 3 divination 15pw 55% V - teleportitis -- ability ? -- W - pray for help -- divine ? -- Your skills at the end: Fighting Skills wands [Skilled] Weapon Skills dagger [Basic] quarterstaff [Expert] Spellcasting Skills attack spells [Expert] healing spells [Skilled] divination spells [Expert] enchantment spells [Skilled] clerical spells [Basic] matter spells [Skilled] Final Attributes: You were nominally aligned. You were immune to fire. You were cold resistant. You were immune to sleep. You were shock resistant. You were poison resistant. You were magic resistant. You were level-drain resistant. You were blinded. You saw invisible. You were telepathic. You were warned. You had automatic searching. You were clairvoyant. You had infravision. You were invisible. You could teleport at will. You had teleport control. You had slower digestion. You were protected. You had reflection. You were lucky. You had extra luck. Bad luck did not time out for you. Good luck did not time out for you. You got a gift from your god 12419 turns ago. Anhur was pleased with you. You are dead (3rd time!). Vanquished creatures: Baalzebub Juiblex Medusa Croesus 2 krakens an iron golem a master lich 2 storm giants 2 titans 3 glass golems 2 balrogs 6 purple worms 2 red dragons 3 white dragons an orange dragon a black dragon 2 blue dragons a green dragon 19 minotaurs 2 jabberwocks 5 pit fiends The Dark One 7 baluchitheria an Angel 3 demiliches Vlad the Impaler 2 stone golems 3 master mind flayers 3 Olog-hai a Nazgul 2 sandestins 3 hell hounds 6 titanotheres 11 trappers a baby blue dragon a baby green dragon 22 vampire lords 4 shades 4 skeletons 4 captains 5 liches 3 water trolls 6 clay golems 11 nurses 6 ice devils a nalfeshnee 4 lurkers above 3 Aleaxes a frost giant 4 ettins 4 black puddings 21 vampires 75 ghosts 10 lieutenants a caveman a monk a priest 2 rangers a tourist a valkyrie a wizard 3 queen bees 6 winged gargoyles 3 mind flayers 8 giant mimics 7 zruties 7 fire giants 3 ogre kings 5 ice trolls 5 rock trolls 3 umber hulks 2 flesh golems an Elvenking a doppelganger 6 hezrous 5 bone devils 13 large mimics a wumpus 4 fire vortices 4 long worms 4 couatls 11 stalkers 4 air elementals 4 fire elementals 3 earth elementals 2 water elementals 3 hill giants 5 giant mummies 2 black nagas 36 xorns a giant zombie 33 sergeants a barbed devil 21 vrocks 3 salamanders 18 wargs 6 winter wolves 2 hell hound pups 14 small mimics 4 glass piercers 5 warhorses 11 xans 3 ettin mummies 2 ogre lords 10 quantum mechanics 9 trolls a sasquatch 3 wood golems 3 mariliths 5 sharks 2 electric eels 6 gelatinous cubes 3 pyrolisks 5 large dogs 8 freezing spheres 7 flaming spheres 4 shocking spheres 9 large cats 4 tigers 7 gargoyles a dwarf king 15 tengu 4 ochre jellies 8 leocrottas 6 energy vortices 2 mountain centaurs 5 stone giants 5 elf mummies 5 human mummies 3 red nagas a green slime 3 pit vipers 4 pythons 5 cobras 45 wraiths 4 carnivorous apes 7 leather golems a Grey-elf 118 soldiers 2 horned devils 9 incubi 10 chameleons 3 crocodiles 16 giant beetles 5 quivering blobs 25 cockatrices 34 wolves 10 winter wolf cubs 5 lynxes 4 panthers 3 spotted jellies 62 leprechauns 4 orc-captains 7 iron piercers 6 mumakil 10 giant spiders 7 scorpions 9 horses 3 ice vortices 8 black lights 118 vampire bats 9 forest centaurs 5 gnome kings 11 orc mummies 6 dwarf mummies 4 ogres 7 brown puddings 10 rust monsters 14 owlbears 8 yetis 6 gold golems 5 werewolves 11 piranhas 18 giant eels 26 lizards 8 apprentices 14 chickatrices 4 dogs 6 dingos 5 housecats 4 jaguars 6 dwarf lords 5 blue jellies 4 white unicorns 7 gray unicorns 12 dust vortices 20 ravens a plains centaur 7 gnome mummies 11 snakes 12 apes 26 human zombies 5 rope golems 2 Woodland-elves 5 soldier ants 6 fire ants 8 bugbears 7 imps 2 lemures 7 quasits 4 wood nymphs 14 water nymphs 5 mountain nymphs 31 Mordor orcs 4 Uruk-hai 18 orc shamans 25 rock piercers 11 rock moles 14 ponies 4 fog clouds 17 yellow lights 5 shriekers 8 violet fungi 14 gnome lords 14 gnomish wizards 2 kobold mummies 2 black naga hatchlings 2 golden naga hatchlings 2 guardian naga hatchlings 6 gray oozes 5 barrow wights 8 elf zombies 4 ghouls 5 straw golems a paper golem 5 jellyfish 4 baby crocodiles 42 giant ants 4 little dogs 18 floating eyes 9 kittens 28 dwarves 11 homunculi a kobold lord 6 kobold shamans 101 hill orcs 59 rothes 4 rabid rats 5 centipedes 19 giant bats 7 monkeys 21 orc zombies 9 dwarf zombies 4 wererats 3 werejackals 17 iguanas 75 killer bees 6 acid blobs 6 coyotes 6 gas spores 8 hobbits 17 manes 2 large kobolds 16 hobgoblins 19 giant rats 11 cave spiders 3 brown molds 6 yellow molds a green mold a red mold 68 gnomes 23 garter snakes 9 gnome zombies 24 geckos 16 jackals 7 foxes 7 kobolds 14 goblins 6 sewer rats 22 grid bugs 20 bats 15 lichens 5 kobold zombies 14 newts 2637 creatures vanquished. Genocided or extinct species: vampire bats (extinct) baby gray dragons baby silver dragons baby shimmering dragons baby red dragons baby white dragons baby orange dragons baby black dragons baby blue dragons baby green dragons baby yellow dragons gray dragons silver dragons shimmering dragons red dragons white dragons orange dragons black dragons blue dragons green dragons yellow dragons kobold zombies gnome zombies orc zombies dwarf zombies elf zombies human zombies ettin zombies giant zombies ghouls soldiers (extinct) 29 species genocided. 2 species extinct. Voluntary challenges: You had been an atheist until turn 9620. You used a wielded weapon 2543 times, starting on turn 668. You read items or engraved 560 times, starting on turn 670. You genocided 29 types of monsters, starting on turn 44715. You polymorphed 1 item, starting on turn 37488. You never changed form. You used 5 wishes, starting on turn 54949. You did not wish for any artifacts. You never split a pudding. You wrote Elbereth's name 16 times, starting on turn 670. You violated your moral code, losing 1619 points of alignment, starting on turn 46396. Dungeon overview: The Dungeons of Doom: levels 1 to 27 Level 1 a vault a long staircase Level 2 stairs to The Gnomish Mines Level 3 a potion shop Level 4 a general store, a fountain Level 5 a general store, a fountain, a sink Level 6 a fountain Level 7 some fountains, a vault stairs to Sokoban Level 8 a vault Level 9 a vault Level 10 some fountains, a vault Level 11 Level 12 a vault portal to The Quest Level 13 a fountain, a sink Level 14 a fountain, a vault portal to Fort Ludios Level 15 some fountains, a vault Level 16 Level 17 a fountain Level 18 a fountain, a vault Level 19 Level 20 Level 21 Level 22 Level 23 a vault Level 24 Level 25 Level 26 Level 27 a fountain Gehennom: levels 28 to 41 Level 28 a temple to Moloch stairs to The Dungeons of Doom Level 29 Level 30 a fountain Level 31 a fountain Level 32 Level 33 Level 34 a fountain Level 35 a sink Level 36 Level 37 stairs to Vlad's Tower Level 38 Level 39 Level 40 Level 41 <- You were here a general store, an altar to Moloch The Gnomish Mines: levels 3 to 10 Level 3 stairs to The Dungeons of Doom Level 4 Level 5 Level 6 many shops, a temple to Ptah, some fountains Level 7 Level 8 Level 9 Level 10 many altars to Moloch, some fountains The Quest: levels 1 to 6 Level 1 portal to The Dungeons of Doom Level 2 Level 3 Level 4 Level 5 Level 6 a temple to Anhur Sokoban: levels 3 to 6 Level 3 Solved Level 4 Solved Level 5 Solved Level 6 Solved stairs to The Dungeons of Doom Fort Ludios: Level 1 portal to The Dungeons of Doom Vlad's Tower: levels 34 to 36 Level 34 Level 35 Level 36 stairs to Gehennom History has recorded: On T:1 you entered the Dungeons of Doom to retrieve the Amulet of Yendor! On T:423 you reached level 2 of The Dungeons of Doom. On T:462 you reached level 1 of The Gnomish Mines. On T:881 you reached level 3 of The Dungeons of Doom. On T:1069 you advanced to experience level 2. On T:1128 you reached level 4 of The Dungeons of Doom. On T:1505 you reached level 5 of The Dungeons of Doom. On T:1664 you advanced to experience level 3. On T:1869 you advanced to experience level 4. On T:2053 you advanced to experience level 5. On T:2337 you reached level 6 of The Dungeons of Doom. On T:2451 you reached level 7 of The Dungeons of Doom. On T:2764 you reached level 4 of Sokoban. On T:3314 you advanced to experience level 6. On T:3540 you reached level 3 of Sokoban. On T:4428 you reached level 2 of Sokoban. On T:5031 you reached level 1 of Sokoban. On T:6115 you advanced to experience level 7. On T:6997 you reached level 8 of The Dungeons of Doom. On T:7572 you reached level 9 of The Dungeons of Doom. On T:9168 you reached level 2 of The Gnomish Mines. On T:9342 you reached level 3 of The Gnomish Mines. On T:9465 you reached level 4 of The Gnomish Mines. On T:9935 you reached level 5 of The Gnomish Mines. On T:10251 you advanced to experience level 8. On T:13046 you reached level 6 of The Gnomish Mines. On T:13627 you reached level 7 of The Gnomish Mines. On T:14402 you reached level 8 of The Gnomish Mines. On T:14411 you advanced to experience level 9. On T:17964 you reached level 10 of The Dungeons of Doom. On T:18574 you reached level 11 of The Dungeons of Doom. On T:19701 you reached level 12 of The Dungeons of Doom. On T:19737 you reached level 1 of The Quest. On T:19896 you reached level 13 of The Dungeons of Doom. On T:20568 you advanced to experience level 10. On T:20949 you embarked upon an epic quest. On T:21428 you reached level 14 of The Dungeons of Doom. On T:21854 you reached level 15 of The Dungeons of Doom. On T:22384 you reached Fort Ludios. On T:23048 you advanced to experience level 11. On T:24125 you reached level 16 of The Dungeons of Doom. On T:24657 you reached level 17 of The Dungeons of Doom. On T:29081 you reached level 18 of The Dungeons of Doom. On T:29403 you reached level 19 of The Dungeons of Doom. On T:30247 you reached level 20 of The Dungeons of Doom. On T:31555 you reached level 2 of The Quest. On T:31605 you reached level 3 of The Quest. On T:33190 you reached level 4 of The Quest. On T:33584 you reached level 5 of The Quest. On T:34274 you reached level 6 of The Quest. On T:35221 you advanced to experience level 12. On T:35812 you completed the quest! On T:37516 you advanced to experience level 13. On T:38797 you killed Croesus in Fort Ludios. On T:41240 you reached level 21 of The Dungeons of Doom. On T:41596 you reached level 22 of The Dungeons of Doom. On T:41735 you reached level 24 of The Dungeons of Doom. On T:41767 you reached level 23 of The Dungeons of Doom. On T:41805 you advanced to experience level 14. On T:42886 you reached level 26 of The Dungeons of Doom. On T:42918 you reached The Castle. On T:43200 you reached level 25 of The Dungeons of Doom. On T:43397 you killed Medusa on level 24 of The Dungeons of Doom. On T:44715 you genocided class 'Z'. On T:44725 you genocided class 'D'. On T:53607 you advanced to experience level 15. On T:54949 you wished for "2 blessed scroll of charging". On T:54955 you wished for "blessed greased +2 silver dragon scale mail". On T:54966 you wished for "blessed spellbook of identify". On T:55406 you reached The Valley of the Dead. On T:55759 you wished for "blessed magic whistle". On T:55975 you reached level 2 of Gehennom. On T:56252 you advanced to experience level 16. On T:56943 you advanced to experience level 17. On T:57797 you wished for "blessed bag of holding". On T:57973 you advanced to experience level 18. On T:63863 you received Magicbane from Anhur. On T:66242 you advanced to experience level 19. On T:66342 you advanced to experience level 20. On T:66707 you reached level 3 of Gehennom. On T:66935 you reached level 4 of Gehennom. On T:67179 you killed Juiblex on level 4 of Gehennom. On T:67332 you reached level 5 of Gehennom. On T:67765 you reached level 6 of Gehennom. On T:68417 you killed Baalzebub on level 6 of Gehennom. On T:68547 you reached level 7 of Gehennom. On T:69436 you reached level 8 of Gehennom. On T:70011 you reached level 9 of Gehennom. On T:72385 you reached level 10 of Gehennom. On T:72895 you reached level 11 of Gehennom. On T:73047 you reached level 3 of Vlad's Tower. On T:73463 you reached level 2 of Vlad's Tower. On T:73595 you reached level 1 of Vlad's Tower. On T:73617 you advanced to experience level 21. On T:73656 you killed Vlad the Impaler on level 1 of Vlad's Tower. On T:73686 you advanced to experience level 22. On T:74672 you reached level 12 of Gehennom. On T:74948 you reached level 13 of Gehennom. On T:75163 you reached level 14 of Gehennom. On T:75969 you averted death On T:76271 you averted death Score breakdown: Gold: 15287 (14233 points) Experience: 22 levels (25528 points) Exploration: 41 levels ( 85.42%) (27675 points) Discoveries: 188 items ( 65.51%) (24280 points) Valuables value: (no points given unless you survive) Artifact value: 17500 (14433 points) Variety of kills: 274 monsters ( 72.11%) (25474 points) Turncount: 76282 turns (-5380 points) Survival: died (score multiplied by 80%) Total score: 100994 Latest messages: The bottle crashes on your head and breaks into shards. It suddenly gets dark. A cloud of darkness falls upon you. The jar crashes on your head and breaks into shards. Huh, What? Where am I? [2 turns] Nothing seems to happen. Ken the invisible Scout hits! (2x) You are no longer confused. You hear some noises in the distance. The disenchanter hits! [2 turns] You feel much better. The disenchanter hits! Ken the invisible Scout hits! You hear a distant zap. The death ray whizzes by you! You hear a blast. Your speed returns. The disenchanter hits! Ken the invisible Scout hits! You die... For some reason, you think that you can almost hear the Wizard laugh manically... Final status: Goodbye Widd the Wizard, killed by an invisible ranger called "Ken the Scout"... You died in Gehennom on dungeon level 41 with 100994 points, and 15287 pieces of gold, after 76282 moves. You were level 22 with a maximum of 165 hit points when you died.